Hartford Whalers vs Nashville Predators
Created - Monday, November 18, 2024 at 08:49
Goals
|
| Hartford Whalers |
0 |
1 |
0 |
1 |
| Nashville Predators |
2 |
1 |
4 |
7 |
|
Shots
|
| Hartford Whalers |
7 |
8 |
7 |
22 |
| Nashville Predators |
17 |
8 |
23 |
48 |
|
1st period
1. Nashville Predators , Colton Sissons 34 (Leo Carlsson 33) at 6:35
2. Nashville Predators , Mattias Samuelsson 3 (Ryan Johansen 43) at 13:06
Penalties :
Ryan Johansen (NSH) for Delaying the game (Minor) at 0:41
2nd period
3. Hartford Whalers , Jaden Schwartz 11 (Joshua Norris 21) at 12:27
4. Nashville Predators , Thomas Novak 19 (Trevor Zegras 32) at 13:07 (PP)
Penalties :
Tyler Myers (HFD) for Delaying the game (Minor) at 8:25, Charlie McAvoy (HFD) for Interference (Minor) at 12:37, Michael Carcone (NSH) for Holding (Minor) at 18:20
3rd period
5. Nashville Predators , Tyson Foerster 18 (Ryan Johansen 44, Trevor Zegras 33) at 5:48
6. Nashville Predators , Pius Suter 22 (Thomas Novak 23, Brandon Montour 27) at 9:18
7. Nashville Predators , Pius Suter 23 (Thomas Novak 24) at 15:44
8. Nashville Predators , Jack Drury 13 (Parker Wotherspoon 14, Brett Leason 12) at 16:22
Penalties :
Josh Anderson (HFD) for Tripping (Minor) at 10:26, Mattias Samuelsson (NSH) for Fighting (Major) at 12:57, Tyler Myers (HFD) for Fighting (Major) at 12:57, Max Pacioretty (NSH) for Fighting (Major) at 13:18, Anthony Cirelli (HFD) for Fighting (Major) at 13:18
Goalie Stats
Anton Forsberg (HFD), 41 saves from 48 shots - (0.854), L, 8-10-2, 60:00 minutes
Semyon Varlamov (NSH), 21 saves from 22 shots - (0.955), W, 21-12-5, 60:00 minutes
Players Stats for Hartford Whalers
Player Name G A P +/- PIM S H SB GA TA FO MP PP MP PK MP
------------------------------------------------------------------------------------
Anthony Cirelli 0 0 0 -2 5 1 0 1 1 0 1/3 17:22 2:01 2:00
Charlie McAvoy 0 0 0 -4 2 2 0 4 1 1 0/0 27:06 2:08 2:31
Dante Fabbro 0 0 0 0 0 0 0 1 0 1 0/0 16:14 0:00 0:42
Jaden Schwartz 1 0 1 0 0 2 1 0 0 1 1/3 18:16 1:57 0:00
Josh Anderson 0 0 0 -2 2 0 2 0 0 0 0/0 7:22 0:00 0:00
Joshua Norris 0 1 1 0 0 3 1 0 1 1 5/13 18:16 1:57 0:00
Matt Duchene 0 0 0 -4 0 3 1 1 2 0 0/1 24:42 2:01 2:28
Miles Wood 0 0 0 -1 0 2 0 0 0 0 0/2 14:30 0:00 0:00
Morgan Frost 0 0 0 -1 0 0 1 1 1 0 1/6 15:25 0:00 0:00
Nick Suzuki 0 0 0 -4 0 3 0 1 0 0 20/34 24:26 2:01 2:28
Ryan McDonagh 0 0 0 0 0 1 1 2 0 1 0/0 20:54 1:50 2:19
Ryan Suter 0 0 0 -1 0 1 1 0 0 2 0/0 12:21 0:00 0:00
Samuel Girard 0 0 0 -2 0 0 0 1 0 3 0/0 19:46 1:50 1:57
T.J. Oshie 0 0 0 -1 0 1 2 0 0 0 0/0 14:30 0:00 0:00
Tom Wilson 0 0 0 0 0 3 1 0 2 0 0/0 20:40 1:57 2:00
Tomas Tatar 0 0 0 0 0 0 0 0 0 0 0/0 0:00 0:00 0:00
Tyler Johnson 0 0 0 0 0 0 0 0 0 0 0/0 0:00 0:00 0:00
Tyler Myers 0 0 0 -3 7 0 1 0 0 2 0/0 23:37 2:08 1:27
Players Stats for Nashville Predators
Player Name G A P +/- PIM S H SB GA TA FO MP PP MP PK MP
------------------------------------------------------------------------------------
Alexander Wennberg 0 0 0 1 0 2 0 0 0 0 1/1 15:39 2:25 2:04
Artem Zub 0 0 0 0 0 1 1 2 0 3 0/0 22:41 0:00 2:00
Ben Chiarot 0 0 0 0 0 6 2 2 0 0 0/0 25:58 2:25 1:58
Brandon Montour 0 1 1 3 0 1 1 1 1 0 0/0 23:09 2:03 0:00
Brett Leason 0 1 1 1 0 1 1 0 0 0 0/2 12:30 0:00 1:54
Colton Sissons 1 0 1 1 0 3 2 0 0 1 13/24 18:27 2:12 2:04
Jack Drury 1 0 1 1 0 2 1 0 1 0 5/5 10:32 0:00 0:00
Leo Carlsson 0 1 1 1 0 5 0 0 1 2 1/1 15:58 2:12 0:00
Mattias Samuelsson 1 0 1 3 5 2 1 0 0 0 0/0 21:22 0:00 2:00
Max Pacioretty 0 0 0 1 5 2 3 0 2 0 0/0 14:55 2:12 0:00
Michael Carcone 0 0 0 2 2 2 2 0 0 1 0/1 13:21 0:00 0:00
Parker Wotherspoon 0 1 1 2 0 0 1 0 0 0 0/0 12:08 0:00 1:58
Pius Suter 2 0 2 2 0 4 3 0 1 0 0/0 15:05 0:00 1:02
Ryan Johansen 0 2 2 1 2 5 3 0 1 1 11/17 17:01 2:16 0:52
Simon Benoit 0 0 0 2 0 0 1 0 0 0 0/0 10:00 0:00 0:00
Thomas Novak 1 2 3 2 0 4 2 0 0 0 3/10 15:00 2:03 0:00
Trevor Zegras 0 2 2 1 0 6 3 0 2 0 0/0 16:06 2:16 0:00
Tyson Foerster 1 0 1 1 0 2 0 0 3 0 0/1 16:06 2:16 0:00
3 Stars
1 - Pius Suter (NSH)
2 - Thomas Novak (NSH)
3 - Trevor Zegras (NSH)
Power Play
Hartford Whalers - 0 on 2 Attempt(s) - 0.00%
Nashville Predators - 1 on 3 Attempt(s) - 33.33%
Penalty Kill
Hartford Whalers - 2 on 3 Attempt(s) - 66.67%
- Score 0 goal in Penalty Kill
Nashville Predators - 2 on 2 Attempt(s) - 100.00%
- Score 0 goal in Penalty Kill
Team Stat
Hartford Whalers - Hits : 12 - Faceoff Wins : 28 - Blocked Shots : 12 - Penalty Minutes : 16
Nashville Predators - Hits : 27 - Faceoff Wins : 34 - Blocked Shots : 5 - Penalty Minutes : 14
Official
Referees : Jake Brenk and Kevin Pollock
Linesman : Julien Fournier and Kiel Murchison
Game Notes
Mattias Samuelsson beats up Tyler Myers at 12:57 of 3rd period
Anthony Cirelli beats up Max Pacioretty at 13:18 of 3rd period
Finance
Level 1 -- Attendance: 4928 (82.13%) -- Ticket Income $492,800
Level 2 -- Attendance: 3910 (78.20%) -- Ticket Income $234,600
Level 3 -- Attendance: 2116 (70.53%) -- Ticket Income $74,060
Level 4 -- Attendance: 3428 (68.56%) -- Ticket Income $85,700
Luxury Box -- Attendance: 764 (76.40%) -- Ticket Income $152,800
Game was played at the Bridgestone Arena.
Total Attendance: 15146 (75.73%)
Total Ticket Income: $1,039,960
Other Income: $363,986
Total Income: $1,403,946
Hartford Whalers
5 vs 5 Forward
Center Left Wing Right Wing Time % Phy DF OF
1 Nick Suzuki Anthony Cirelli Matt Duchene 30 0 2 3
2 Joshua Norris Jaden Schwartz Tom Wilson 30 0 2 3
3 Morgan Frost Miles Wood T.J. Oshie 25 1 3 1
4 Nick Suzuki Josh Anderson Matt Duchene 15 0 2 3
5 vs 5 Defense
Defense Defense Time % Phy DF OF
1 Charlie McAvoy Tyler Myers 30 1 2 2
2 Ryan McDonagh Dante Fabbro 30 1 2 2
3 Ryan Suter Samuel Girard 25 1 2 2
4 Tyler Myers Charlie McAvoy 15 1 2 2
PowerPlay Forward
Center Left Wing Right Wing Time % Phy DF OF
1 Nick Suzuki Anthony Cirelli Matt Duchene 50 0 1 4
2 Joshua Norris Jaden Schwartz Tom Wilson 50 1 1 3
PowerPlay Defense
Defense Defense Time % Phy DF OF
1 Charlie McAvoy Tyler Myers 50 1 2 2
2 Ryan McDonagh Samuel Girard 50 1 2 2
Penalty Kill 4 Players Forward
Center Wing Time % Phy DF OF
1 Nick Suzuki Matt Duchene 50 1 2 2
2 Anthony Cirelli Tom Wilson 50 1 2 2
Penalty Kill 4 Players Defense
Defense Defense Time % Phy DF OF
1 Charlie McAvoy Tyler Myers 50 1 2 2
2 Ryan McDonagh Samuel Girard 50 1 2 2
Penalty Kill - 3 Players Forward
Forward Time % Phy DF OF
1 Nick Suzuki 50 0 5 0
2 Miles Wood 50 1 4 0
Penalty Kill - 3 Players Defense
Defense Defense Time % Phy DF OF
1 Charlie McAvoy Tyler Myers 50 1 4 0
2 Ryan McDonagh Dante Fabbro 50 1 4 0
4 vs 4 Forward
Center Wing Time % Phy DF OF
1 Nick Suzuki Matt Duchene 50 1 2 2
2 Joshua Norris Tom Wilson 50 1 2 2
4 vs 4 Defense
Defense Defense Time % Phy DF OF
1 Charlie McAvoy Tyler Myers 50 1 2 2
2 Ryan McDonagh Ryan Suter 50 1 2 2
Last Minutes Offensive
Center Left Wing Right Wing Defense Defense
Nick Suzuki Anthony Cirelli Matt Duchene Charlie McAvoy Tyler Myers
Last Minutes Defensive
Center Left Wing Right Wing Defense Defense
Nick Suzuki Anthony Cirelli Matt Duchene Charlie McAvoy Tyler Myers
Goaltenders
Starting : Anton Forsberg
Backup : Spencer Knight
Extra Forwards
Normal : Morgan Frost, T.J. Oshie, Miles Wood - PP : Morgan Frost, T.J. Oshie - PK : Miles Wood
Extra Defensemen
Normal : Charlie McAvoy, Samuel Girard, Tyler Myers - PP : Tyler Myers - PK : Ryan McDonagh, Tyler Myers
Penalty Shots
Nick Suzuki, Matt Duchene, Anthony Cirelli, Tom Wilson, Joshua Norris
Scratches
Kaiden Guhle (Healthy)
Nashville Predators
5 vs 5 Forward
Center Left Wing Right Wing Time % Phy DF OF
1 Colton Sissons Max Pacioretty Leo Carlsson 27 0 2 3
2 Ryan Johansen Trevor Zegras Tyson Foerster 27 1 2 2
3 Thomas Novak Pius Suter Michael Carcone 25 0 2 3
4 Jack Drury Alexander Wennberg Brett Leason 21 0 2 3
5 vs 5 Defense
Defense Defense Time % Phy DF OF
1 Brandon Montour Mattias Samuelsson 40 1 2 2
2 Ben Chiarot Artem Zub 40 1 3 1
3 Simon Benoit Parker Wotherspoon 15 1 3 1
4 Artem Zub Mattias Samuelsson 5 1 3 1
PowerPlay Forward
Center Left Wing Right Wing Time % Phy DF OF
1 Colton Sissons Max Pacioretty Leo Carlsson 50 1 1 3
2 Ryan Johansen Trevor Zegras Tyson Foerster 50 1 1 3
PowerPlay Defense
Defense Defense Time % Phy DF OF
1 Brandon Montour Thomas Novak 50 1 1 3
2 Ben Chiarot Alexander Wennberg 50 2 2 1
Penalty Kill 4 Players Forward
Center Wing Time % Phy DF OF
1 Colton Sissons Alexander Wennberg 50 1 2 2
2 Ryan Johansen Brett Leason 50 1 2 2
Penalty Kill 4 Players Defense
Defense Defense Time % Phy DF OF
1 Artem Zub Mattias Samuelsson 50 2 2 1
2 Parker Wotherspoon Ben Chiarot 50 1 2 2
Penalty Kill - 3 Players Forward
Forward Time % Phy DF OF
1 Colton Sissons 50 1 2 2
2 Alexander Wennberg 50 1 2 2
Penalty Kill - 3 Players Defense
Defense Defense Time % Phy DF OF
1 Artem Zub Mattias Samuelsson 50 1 2 2
2 Ben Chiarot Parker Wotherspoon 50 1 2 2
4 vs 4 Forward
Center Wing Time % Phy DF OF
1 Colton Sissons Leo Carlsson 40 1 2 2
2 Ryan Johansen Alexander Wennberg 60 1 2 2
4 vs 4 Defense
Defense Defense Time % Phy DF OF
1 Brandon Montour Artem Zub 50 2 2 1
2 Simon Benoit Ben Chiarot 50 2 2 1
Last Minutes Offensive
Center Left Wing Right Wing Defense Defense
Colton Sissons Trevor Zegras Tyson Foerster Leo Carlsson Max Pacioretty
Last Minutes Defensive
Center Left Wing Right Wing Defense Defense
Colton Sissons Alexander Wennberg Ryan Johansen Artem Zub Mattias Samuelsson
Goaltenders
Starting : Semyon Varlamov
Backup : Anthony Stolarz
Extra Forwards
Normal : Pius Suter, Thomas Novak, Michael Carcone - PP : Thomas Novak, Pius Suter - PK : Brett Leason
Extra Defensemen
Normal : Brandon Montour, Ben Chiarot, Mattias Samuelsson - PP : Artem Zub - PK : Brandon Montour, Parker Wotherspoon
Penalty Shots
Leo Carlsson, Trevor Zegras, Tyson Foerster, Pius Suter, Thomas Novak
Scratches
Juuso Valimaki (Healthy), Kevin Labanc (Healthy), Zemgus Girgensons (Healthy), Mads Sogaard (Healthy), Samuel Ersson (Healthy)
% Time on Ice - Hartford Whalers
Lines # - Real PCT - Wanted PCT - Time Play
Normal Forward
1 - 28% - 30% - 14:37
2 - 32% - 30% - 16:43
3 - 28% - 25% - 14:30
4 - 11% - 15% - 5:44
Normal Defense
1 - 30% - 30% - 15:34
2 - 32% - 30% - 16:45
3 - 24% - 25% - 12:21
4 - 13% - 15% - 6:54
PP Forward
1 - 51% - 50% - 2:01
2 - 49% - 50% - 1:57
PP Defense
1 - 54% - 50% - 2:08
2 - 46% - 50% - 1:50
PK Forward
1 - 55% - 50% - 2:28
2 - 45% - 50% - 2:00
PK Defense
1 - 56% - 50% - 2:31
2 - 44% - 50% - 1:57
PK3 Forward
1 - 0% - 50%
2 - 0% - 50%
PK3 Defense
1 - 0% - 50%
2 - 0% - 50%
44 Forward
1 - 0% - 50%
2 - 0% - 50%
44 Defense
1 - 0% - 50%
2 - 0% - 50%
Last Minute Offensive - 0:00
Last Minute Defensive - 0:00
Total
Forward - 60:00
Defense - 60:00
|
% Time on Ice - Nashville Predators
Lines # - Real PCT - Wanted PCT - Time Play
Normal Forward
1 - 28% - 27% - 14:11
2 - 27% - 27% - 13:54
3 - 25% - 25% - 12:57
4 - 20% - 21% - 10:32
Normal Defense
1 - 40% - 40% - 20:48
2 - 37% - 40% - 19:11
3 - 18% - 15% - 9:20
4 - 4% - 5% - 2:15
PP Forward
1 - 49% - 50% - 2:12
2 - 51% - 50% - 2:16
PP Defense
1 - 46% - 50% - 2:03
2 - 54% - 50% - 2:25
PK Forward
1 - 52% - 50% - 2:04
2 - 48% - 50% - 1:54
PK Defense
1 - 50% - 50% - 2:00
2 - 50% - 50% - 1:58
PK3 Forward
1 - 0% - 50%
2 - 0% - 50%
PK3 Defense
1 - 0% - 50%
2 - 0% - 50%
44 Forward
1 - 0% - 40%
2 - 0% - 60%
44 Defense
1 - 0% - 50%
2 - 0% - 50%
Last Minute Offensive - 0:00
Last Minute Defensive - 0:00
Total
Forward - 60:00
Defense - 60:00
|
Play-by-Play
1st period
0:01 of 1st period - Nick Suzuki wins face-off versus Colton Sissons in neutral zone.
0:41 of 1st period - Minor Penalty to Ryan Johansen for Delaying the game.
0:42 of 1st period - Nick Suzuki wins face-off versus Colton Sissons in Nashville Predators zone.
0:47 of 1st period - Snap shot by Nick Suzuki.
0:47 of 1st period - Shot Misses the Net.
0:49 of 1st period - Slapshot by Charlie McAvoy.
0:49 of 1st period - Deflect By Nick Suzuki.
0:49 of 1st period - Shot Misses the Net.
0:49 of 1st period - Puck is out of play.
0:50 of 1st period - Colton Sissons wins face-off versus Nick Suzuki in Nashville Predators zone.
0:59 of 1st period - Wrist shot by Nick Suzuki.
0:59 of 1st period - Shot Misses the Net.
1:01 of 1st period - Slapshot by Tyler Myers.
1:01 of 1st period - Shot Misses the Net.
1:18 of 1st period - Slapshot by Nick Suzuki.
1:18 of 1st period - Stopped by Semyon Varlamov without a rebound.
1:19 of 1st period - Colton Sissons wins face-off versus Jaden Schwartz in Nashville Predators zone.
2:41 of 1st period - Penalty to Ryan Johansen is over, Ryan Johansen is back on ice.
3:46 of 1st period - Icing by Ben Chiarot.
3:47 of 1st period - Jack Drury wins face-off versus Joshua Norris in Nashville Predators zone.
3:47 of 1st period - Jack Drury is hit by Tom Wilson.
4:03 of 1st period - Tyson Foerster is hit by T.J. Oshie and loses puck.
4:32 of 1st period - Josh Anderson is hit by Michael Carcone and loses puck.
5:00 of 1st period - Snap shot by Joshua Norris.
5:00 of 1st period - Stopped by Semyon Varlamov without a rebound.
5:01 of 1st period - Colton Sissons wins face-off versus Joshua Norris in Nashville Predators zone.
5:40 of 1st period - Nick Suzuki is hit by Pius Suter and loses puck.
5:53 of 1st period - Snap shot by Tyson Foerster.
5:53 of 1st period - Deflect By Ryan Johansen.
5:53 of 1st period - Stopped by Anton Forsberg with a rebound.
6:03 of 1st period - Slapshot by Ryan Johansen.
6:03 of 1st period - Stopped by Anton Forsberg with a rebound.
6:33 of 1st period - Snap shot by Colton Sissons.
6:33 of 1st period - Stopped by Anton Forsberg with a rebound.
6:35 of 1st period - Wrist shot by Colton Sissons.
6:35 of 1st period - Goal by Colton Sissons - Hartford Whalers : 0 - Nashville Predators : 1.
6:36 of 1st period - Nick Suzuki wins face-off versus Thomas Novak in neutral zone.
7:13 of 1st period - Pius Suter is hit by Ryan Suter and loses puck.
7:47 of 1st period - Mattias Samuelsson is hit by Josh Anderson.
8:43 of 1st period - Slapshot by Joshua Norris.
8:43 of 1st period - Shot Misses the Net.
9:24 of 1st period - Jaden Schwartz is hit by Simon Benoit and loses puck.
9:55 of 1st period - Snap shot by Jack Drury.
9:55 of 1st period - Stopped by Anton Forsberg with a rebound.
9:57 of 1st period - Wrist shot by Brett Leason.
9:57 of 1st period - Stopped by Anton Forsberg with a rebound.
10:20 of 1st period - Miles Wood is hit by Michael Carcone and loses puck.
10:59 of 1st period - Jaden Schwartz is hit by Max Pacioretty and loses puck.
11:06 of 1st period - Snap shot by Leo Carlsson.
11:06 of 1st period - Shot Misses the Net.
11:49 of 1st period - Wrist shot by Jaden Schwartz.
11:49 of 1st period - Shot Misses the Net.
11:51 of 1st period - Wrist shot by Ryan Suter.
11:51 of 1st period - Stopped by Semyon Varlamov with a rebound.
11:55 of 1st period - Snap shot by Tom Wilson.
11:55 of 1st period - Shot Misses the Net.
11:57 of 1st period - Slapshot by Charlie McAvoy.
11:57 of 1st period - Stopped by Semyon Varlamov with a rebound.
12:05 of 1st period - Snap shot by Alexander Wennberg.
12:05 of 1st period - Stopped by Anton Forsberg without a rebound.
12:06 of 1st period - Nick Suzuki wins face-off versus Colton Sissons in Hartford Whalers zone.
13:02 of 1st period - Snap shot by Ryan Johansen.
13:02 of 1st period - Stopped by Anton Forsberg with a rebound.
13:04 of 1st period - Snap shot by Mattias Samuelsson.
13:04 of 1st period - Shot Misses the Net.
13:06 of 1st period - Slapshot by Mattias Samuelsson.
13:06 of 1st period - Goal by Mattias Samuelsson - Hartford Whalers : 0 - Nashville Predators : 2.
13:07 of 1st period - Colton Sissons wins face-off versus Nick Suzuki in neutral zone.
13:20 of 1st period - Snap shot by Matt Duchene.
13:20 of 1st period - Stopped by Semyon Varlamov with a rebound.
13:22 of 1st period - Snap shot by Matt Duchene.
13:22 of 1st period - Deflect By Nick Suzuki.
13:22 of 1st period - Shot Blocked by Artem Zub.
13:22 of 1st period - Puck is out of play.
13:23 of 1st period - Ryan Johansen wins face-off versus Morgan Frost in Nashville Predators zone.
13:32 of 1st period - Snap shot by Trevor Zegras.
13:32 of 1st period - Stopped by Anton Forsberg with a rebound.
13:34 of 1st period - Slapshot by Ben Chiarot.
13:34 of 1st period - Stopped by Anton Forsberg with a rebound.
13:36 of 1st period - Snap shot by Tyson Foerster.
13:36 of 1st period - Shot Misses the Net.
13:38 of 1st period - Slapshot by Ben Chiarot.
13:38 of 1st period - Stopped by Anton Forsberg without a rebound.
13:39 of 1st period - Colton Sissons wins face-off versus Nick Suzuki in Hartford Whalers zone.
13:57 of 1st period - Icing by Matt Duchene.
13:58 of 1st period - Nick Suzuki wins face-off versus Thomas Novak in Hartford Whalers zone.
13:58 of 1st period - Nick Suzuki is hit by Pius Suter.
14:10 of 1st period - Slapshot by Thomas Novak.
14:10 of 1st period - Shot Misses the Net.
14:12 of 1st period - Wrist shot by Michael Carcone.
14:12 of 1st period - Stopped by Anton Forsberg with a rebound.
14:14 of 1st period - Wrist shot by Thomas Novak.
14:14 of 1st period - Shot Blocked by Charlie McAvoy.
14:28 of 1st period - Wrist shot by Jaden Schwartz.
14:28 of 1st period - Shot Blocked by Brandon Montour.
14:30 of 1st period - Wrist shot by Tom Wilson.
14:30 of 1st period - Shot Misses the Net.
14:34 of 1st period - Wrist shot by Joshua Norris.
14:34 of 1st period - Stopped by Semyon Varlamov without a rebound.
14:35 of 1st period - Colton Sissons wins face-off versus Morgan Frost in Nashville Predators zone.
15:21 of 1st period - Snap shot by Thomas Novak.
15:21 of 1st period - Stopped by Anton Forsberg without a rebound.
15:22 of 1st period - Ryan Johansen wins face-off versus Joshua Norris in Hartford Whalers zone.
15:35 of 1st period - Jaden Schwartz is hit by Ben Chiarot and loses puck.
17:18 of 1st period - Snap shot by Matt Duchene.
17:18 of 1st period - Stopped by Semyon Varlamov with a rebound.
17:26 of 1st period - Slapshot by Ben Chiarot.
17:26 of 1st period - Stopped by Anton Forsberg without a rebound.
17:27 of 1st period - Joshua Norris wins face-off versus Colton Sissons in Hartford Whalers zone.
17:34 of 1st period - Leo Carlsson is hit by Joshua Norris and loses puck.
18:01 of 1st period - Wrist shot by Trevor Zegras.
18:01 of 1st period - Shot Misses the Net.
18:03 of 1st period - Slapshot by Trevor Zegras.
18:03 of 1st period - Stopped by Anton Forsberg without a rebound.
18:04 of 1st period - Ryan Johansen wins face-off versus Morgan Frost in Hartford Whalers zone.
18:53 of 1st period - Snap shot by Jaden Schwartz.
18:53 of 1st period - Deflect By Joshua Norris.
18:53 of 1st period - Shot Misses the Net.
18:53 of 1st period - Puck is out of play.
18:54 of 1st period - Jack Drury wins face-off versus Joshua Norris in Nashville Predators zone.
19:51 of 1st period - Wrist shot by Leo Carlsson.
19:51 of 1st period - Stopped by Anton Forsberg with a rebound.
Goals for this period are 0 for Hartford Whalers vs 2 for Nashville Predators.
Shots for this period are 7 for Hartford Whalers vs 17 for Nashville Predators.
2nd period
0:01 of 2nd period - Nick Suzuki wins face-off versus Thomas Novak in neutral zone.
0:03 of 2nd period - Off-side.
0:04 of 2nd period - Nick Suzuki wins face-off versus Michael Carcone in neutral zone.
0:20 of 2nd period - Slapshot by Nick Suzuki.
0:20 of 2nd period - Stopped by Semyon Varlamov without a rebound.
0:21 of 2nd period - Ryan Johansen wins face-off versus Miles Wood in Nashville Predators zone.
1:11 of 2nd period - Snap shot by Jaden Schwartz.
1:11 of 2nd period - Shot Blocked by Ben Chiarot.
1:13 of 2nd period - Snap shot by Tom Wilson.
1:13 of 2nd period - Shot Misses the Net.
3:50 of 2nd period - Snap shot by Thomas Novak.
3:50 of 2nd period - Shot Blocked by Dante Fabbro.
3:52 of 2nd period - Wrist shot by Pius Suter.
3:52 of 2nd period - Shot Misses the Net.
5:47 of 2nd period - Tyler Myers is hit by Parker Wotherspoon.
5:48 of 2nd period - Icing by Tyler Myers.
5:49 of 2nd period - Colton Sissons wins face-off versus Joshua Norris in Hartford Whalers zone.
6:23 of 2nd period - Wrist shot by Charlie McAvoy.
6:23 of 2nd period - Shot Misses the Net.
6:31 of 2nd period - Samuel Girard is hit by Thomas Novak and loses puck.
6:47 of 2nd period - Slapshot by Ryan Johansen.
6:47 of 2nd period - Shot Misses the Net.
6:49 of 2nd period - Wrist shot by Trevor Zegras.
6:49 of 2nd period - Stopped by Anton Forsberg with a rebound.
6:51 of 2nd period - Slapshot by Artem Zub.
6:51 of 2nd period - Stopped by Anton Forsberg without a rebound.
6:52 of 2nd period - Nick Suzuki wins face-off versus Brett Leason in Hartford Whalers zone.
7:17 of 2nd period - Ryan McDonagh is hit by Thomas Novak and loses puck.
7:41 of 2nd period - Off-side.
7:42 of 2nd period - Joshua Norris wins face-off versus Ryan Johansen in neutral zone.
8:14 of 2nd period - Off-side.
8:15 of 2nd period - Colton Sissons wins face-off versus Nick Suzuki in neutral zone.
8:22 of 2nd period - Wrist shot by Colton Sissons.
8:22 of 2nd period - Stopped by Anton Forsberg without a rebound.
8:23 of 2nd period - Nick Suzuki wins face-off versus Colton Sissons in Hartford Whalers zone.
8:25 of 2nd period - Minor Penalty to Tyler Myers for Delaying the game.
8:26 of 2nd period - Nick Suzuki wins face-off versus Colton Sissons in Hartford Whalers zone.
8:36 of 2nd period - Tom Wilson is hit by Colton Sissons and loses puck.
8:47 of 2nd period - Snap shot by Nick Suzuki.
8:47 of 2nd period - Stopped by Semyon Varlamov without a rebound.
8:48 of 2nd period - Ryan Johansen wins face-off versus Nick Suzuki in Nashville Predators zone.
9:33 of 2nd period - Snap shot by Anthony Cirelli.
9:33 of 2nd period - Stopped by Semyon Varlamov with a rebound.
9:46 of 2nd period - Icing by Max Pacioretty.
9:47 of 2nd period - Nick Suzuki wins face-off versus Colton Sissons in Nashville Predators zone.
10:04 of 2nd period - Tom Wilson is hit by Ryan Johansen and loses puck.
10:25 of 2nd period - Penalty to Tyler Myers is over, Tyler Myers is back on ice.
10:29 of 2nd period - Backhand shot by T.J. Oshie.
10:29 of 2nd period - Stopped by Semyon Varlamov without a rebound.
10:30 of 2nd period - Colton Sissons wins face-off versus Miles Wood in Nashville Predators zone.
10:30 of 2nd period - Colton Sissons is hit by Morgan Frost.
10:38 of 2nd period - Ryan Suter is hit by Brandon Montour and loses puck.
11:18 of 2nd period - Slapshot by Jaden Schwartz.
11:18 of 2nd period - Shot Misses the Net.
11:26 of 2nd period - Slapshot by Tom Wilson.
11:26 of 2nd period - Stopped by Semyon Varlamov with a rebound.
12:27 of 2nd period - Wrist shot by Jaden Schwartz.
12:27 of 2nd period - Goal by Jaden Schwartz - Hartford Whalers : 1 - Nashville Predators : 2.
12:28 of 2nd period - Nick Suzuki wins face-off versus Thomas Novak in neutral zone.
12:34 of 2nd period - Off-side.
12:35 of 2nd period - Nick Suzuki wins face-off versus Thomas Novak in neutral zone.
12:37 of 2nd period - Minor Penalty to Charlie McAvoy for Interference.
12:38 of 2nd period - Ryan Johansen wins face-off versus Anthony Cirelli in Hartford Whalers zone.
12:40 of 2nd period - Snap shot by Tyson Foerster.
12:40 of 2nd period - Stopped by Anton Forsberg with a rebound.
12:42 of 2nd period - Slapshot by Trevor Zegras.
12:42 of 2nd period - Shot Blocked by Samuel Girard.
12:44 of 2nd period - Snap shot by Ryan Johansen.
12:44 of 2nd period - Stopped by Anton Forsberg with a rebound.
12:46 of 2nd period - Wrist shot by Tyson Foerster.
12:46 of 2nd period - Shot Blocked by Anthony Cirelli.
13:07 of 2nd period - Wrist shot by Thomas Novak.
13:07 of 2nd period - Goal by Thomas Novak - Hartford Whalers : 1 - Nashville Predators : 3.
13:08 of 2nd period - Colton Sissons wins face-off versus Nick Suzuki in neutral zone.
13:20 of 2nd period - Leo Carlsson is hit by Matt Duchene and loses puck.
13:33 of 2nd period - Charlie McAvoy is hit by Jack Drury.
14:15 of 2nd period - Wrist shot by Nick Suzuki.
14:15 of 2nd period - Shot Misses the Net.
16:55 of 2nd period - Snap shot by Trevor Zegras.
16:55 of 2nd period - Deflect By Ryan Johansen.
16:55 of 2nd period - Shot Misses the Net.
16:55 of 2nd period - Puck is out of play.
16:56 of 2nd period - Ryan Johansen wins face-off versus Nick Suzuki in Hartford Whalers zone.
17:03 of 2nd period - Snap shot by Trevor Zegras.
17:03 of 2nd period - Deflect By Matt Duchene.
17:03 of 2nd period - Shot Misses the Net.
17:03 of 2nd period - Puck is out of play.
17:04 of 2nd period - Ryan Johansen wins face-off versus Joshua Norris in Hartford Whalers zone.
17:17 of 2nd period - Snap shot by Joshua Norris.
17:17 of 2nd period - Shot Blocked by Artem Zub.
17:19 of 2nd period - Slapshot by Jaden Schwartz.
17:19 of 2nd period - Shot Misses the Net.
17:29 of 2nd period - T.J. Oshie is hit by Max Pacioretty and loses puck.
17:36 of 2nd period - Wrist shot by Max Pacioretty.
17:36 of 2nd period - Stopped by Anton Forsberg with a rebound.
18:02 of 2nd period - Snap shot by Thomas Novak.
18:02 of 2nd period - Stopped by Anton Forsberg without a rebound.
18:03 of 2nd period - Nick Suzuki wins face-off versus Brett Leason in Hartford Whalers zone.
18:03 of 2nd period - Nick Suzuki is hit by Artem Zub.
18:15 of 2nd period - Slapshot by Matt Duchene.
18:15 of 2nd period - Stopped by Semyon Varlamov with a rebound.
18:17 of 2nd period - Snap shot by Charlie McAvoy.
18:17 of 2nd period - Stopped by Semyon Varlamov without a rebound.
18:18 of 2nd period - Thomas Novak wins face-off versus Joshua Norris in Nashville Predators zone.
18:20 of 2nd period - Minor Penalty to Michael Carcone for Holding.
18:21 of 2nd period - Colton Sissons wins face-off versus Joshua Norris in Nashville Predators zone.
Goals for this period are 1 for Hartford Whalers vs 1 for Nashville Predators.
Shots for this period are 8 for Hartford Whalers vs 8 for Nashville Predators.
3rd period
0:01 of 3rd period - Jaden Schwartz wins face-off versus Ryan Johansen in neutral zone.
0:04 of 3rd period - Snap shot by Tom Wilson.
0:04 of 3rd period - Stopped by Semyon Varlamov with a rebound.
0:20 of 3rd period - Penalty to Michael Carcone is over, Michael Carcone is back on ice.
1:34 of 3rd period - Wrist shot by Trevor Zegras.
1:34 of 3rd period - Shot Blocked by Charlie McAvoy.
1:36 of 3rd period - Wrist shot by Ryan Johansen.
1:36 of 3rd period - Shot Blocked by Charlie McAvoy.
1:38 of 3rd period - Snap shot by Trevor Zegras.
1:38 of 3rd period - Stopped by Anton Forsberg with a rebound.
1:40 of 3rd period - Snap shot by Mattias Samuelsson.
1:40 of 3rd period - Stopped by Anton Forsberg with a rebound.
1:42 of 3rd period - Wrist shot by Trevor Zegras.
1:42 of 3rd period - Stopped by Anton Forsberg without a rebound.
1:43 of 3rd period - Thomas Novak wins face-off versus Nick Suzuki in Hartford Whalers zone.
2:17 of 3rd period - Miles Wood is hit by Brett Leason and loses puck.
2:44 of 3rd period - Morgan Frost is hit by Max Pacioretty and loses puck.
2:55 of 3rd period - Slapshot by Thomas Novak.
2:55 of 3rd period - Shot Blocked by Morgan Frost.
3:08 of 3rd period - Off-side.
3:09 of 3rd period - Jack Drury wins face-off versus Matt Duchene in neutral zone.
3:14 of 3rd period - Wrist shot by Brett Leason.
3:14 of 3rd period - Shot Misses the Net.
3:16 of 3rd period - Slapshot by Ben Chiarot.
3:16 of 3rd period - Shot Blocked by Charlie McAvoy.
3:18 of 3rd period - Snap shot by Ben Chiarot.
3:18 of 3rd period - Stopped by Anton Forsberg with a rebound.
3:20 of 3rd period - Wrist shot by Ben Chiarot.
3:20 of 3rd period - Stopped by Anton Forsberg without a rebound.
3:21 of 3rd period - Thomas Novak wins face-off versus Nick Suzuki in Hartford Whalers zone.
3:29 of 3rd period - Slapshot by Pius Suter.
3:29 of 3rd period - Stopped by Anton Forsberg with a rebound.
3:31 of 3rd period - Slapshot by Thomas Novak.
3:31 of 3rd period - Shot Blocked by Nick Suzuki.
3:33 of 3rd period - Wrist shot by Michael Carcone.
3:33 of 3rd period - Stopped by Anton Forsberg without a rebound.
3:34 of 3rd period - Nick Suzuki wins face-off versus Colton Sissons in Hartford Whalers zone.
3:34 of 3rd period - Nick Suzuki is hit by Mattias Samuelsson.
4:08 of 3rd period - Snap shot by Miles Wood.
4:08 of 3rd period - Stopped by Semyon Varlamov with a rebound.
4:10 of 3rd period - Slapshot by Miles Wood.
4:10 of 3rd period - Stopped by Semyon Varlamov without a rebound.
4:11 of 3rd period - Joshua Norris wins face-off versus Ryan Johansen in Nashville Predators zone.
4:36 of 3rd period - Jack Drury is hit by Josh Anderson and loses puck.
5:37 of 3rd period - Charlie McAvoy is hit by Ryan Johansen and loses puck.
5:42 of 3rd period - Snap shot by Ryan Johansen.
5:42 of 3rd period - Stopped by Anton Forsberg with a rebound.
5:44 of 3rd period - Snap shot by Tyson Foerster.
5:44 of 3rd period - Shot Misses the Net.
5:46 of 3rd period - Snap shot by Ryan Johansen.
5:46 of 3rd period - Shot Misses the Net.
5:48 of 3rd period - Snap shot by Ryan Johansen.
5:48 of 3rd period - Deflect By Tyson Foerster.
5:48 of 3rd period - Goal by Tyson Foerster - Hartford Whalers : 1 - Nashville Predators : 4.
5:49 of 3rd period - Jack Drury wins face-off versus Nick Suzuki in neutral zone.
5:51 of 3rd period - Off-side.
5:52 of 3rd period - Alexander Wennberg wins face-off versus Nick Suzuki in neutral zone.
7:20 of 3rd period - Brandon Montour is hit by Jaden Schwartz and loses puck.
9:18 of 3rd period - Slapshot by Pius Suter.
9:18 of 3rd period - Goal by Pius Suter - Hartford Whalers : 1 - Nashville Predators : 5.
9:19 of 3rd period - Nick Suzuki wins face-off versus Ryan Johansen in neutral zone.
9:37 of 3rd period - Matt Duchene is hit by Trevor Zegras and loses puck.
9:54 of 3rd period - Snap shot by Leo Carlsson.
9:54 of 3rd period - Stopped by Anton Forsberg without a rebound.
9:55 of 3rd period - Joshua Norris wins face-off versus Thomas Novak in Hartford Whalers zone.
10:10 of 3rd period - Slapshot by Jaden Schwartz.
10:10 of 3rd period - Shot Hit the Post.
10:26 of 3rd period - Minor Penalty to Josh Anderson for Tripping.
10:27 of 3rd period - Colton Sissons wins face-off versus Anthony Cirelli in Hartford Whalers zone.
11:06 of 3rd period - Wrist shot by Leo Carlsson.
11:06 of 3rd period - Stopped by Anton Forsberg with a rebound.
11:38 of 3rd period - Wrist shot by Trevor Zegras.
11:38 of 3rd period - Stopped by Anton Forsberg without a rebound.
11:39 of 3rd period - Anthony Cirelli wins face-off versus Tyson Foerster in Hartford Whalers zone.
11:48 of 3rd period - Slapshot by Thomas Novak.
11:48 of 3rd period - Stopped by Anton Forsberg without a rebound.
11:49 of 3rd period - Nick Suzuki wins face-off versus Ryan Johansen in Hartford Whalers zone.
11:56 of 3rd period - Wrist shot by Matt Duchene.
11:56 of 3rd period - Shot Misses the Net.
12:14 of 3rd period - Tyler Myers is hit by Trevor Zegras and loses puck.
12:26 of 3rd period - Penalty to Josh Anderson is over, Josh Anderson is back on ice.
12:43 of 3rd period - Snap shot by Ryan McDonagh.
12:43 of 3rd period - Shot Misses the Net.
12:49 of 3rd period - Wrist shot by Tom Wilson.
12:49 of 3rd period - Stopped by Semyon Varlamov without a rebound.
12:50 of 3rd period - Ryan Johansen wins face-off versus Morgan Frost in Nashville Predators zone.
12:50 of 3rd period - Ryan Johansen is hit by T.J. Oshie.
12:57 of 3rd period - Mattias Samuelsson beats up Tyler Myers.
12:57 of 3rd period - Penalty to Mattias Samuelsson for Fighting.
12:57 of 3rd period - Penalty to Tyler Myers for Fighting.
12:58 of 3rd period - Leo Carlsson wins face-off versus Nick Suzuki in neutral zone.
13:03 of 3rd period - Wrist shot by Leo Carlsson.
13:03 of 3rd period - Shot Misses the Net.
13:05 of 3rd period - Snap shot by Leo Carlsson.
13:05 of 3rd period - Stopped by Anton Forsberg without a rebound.
13:06 of 3rd period - Nick Suzuki wins face-off versus Colton Sissons in Hartford Whalers zone.
13:18 of 3rd period - Anthony Cirelli beats up Max Pacioretty.
13:18 of 3rd period - Penalty to Max Pacioretty for Fighting.
13:18 of 3rd period - Penalty to Anthony Cirelli for Fighting.
13:19 of 3rd period - Ryan Johansen wins face-off versus Nick Suzuki in Hartford Whalers zone.
13:48 of 3rd period - Icing by Thomas Novak.
13:49 of 3rd period - Joshua Norris wins face-off versus Thomas Novak in Nashville Predators zone.
13:50 of 3rd period - Wrist shot by Jaden Schwartz.
13:50 of 3rd period - Deflect By Joshua Norris.
13:50 of 3rd period - Stopped by Semyon Varlamov with a rebound.
13:58 of 3rd period - Wrist shot by Tom Wilson.
13:58 of 3rd period - Shot Misses the Net.
14:00 of 3rd period - Slapshot by Ryan McDonagh.
14:00 of 3rd period - Stopped by Semyon Varlamov without a rebound.
14:01 of 3rd period - Colton Sissons wins face-off versus Nick Suzuki in Nashville Predators zone.
14:06 of 3rd period - Slapshot by Brandon Montour.
14:06 of 3rd period - Shot Misses the Net.
14:12 of 3rd period - Slapshot by Leo Carlsson.
14:12 of 3rd period - Shot Blocked by Matt Duchene.
14:14 of 3rd period - Snap shot by Brandon Montour.
14:14 of 3rd period - Shot Misses the Net.
14:16 of 3rd period - Slapshot by Ben Chiarot.
14:16 of 3rd period - Shot Misses the Net.
14:47 of 3rd period - Dante Fabbro is hit by Pius Suter.
14:51 of 3rd period - Wrist shot by T.J. Oshie.
14:51 of 3rd period - Shot Misses the Net.
15:40 of 3rd period - Snap shot by Thomas Novak.
15:40 of 3rd period - Shot Misses the Net.
15:42 of 3rd period - Wrist shot by Pius Suter.
15:42 of 3rd period - Shot Misses the Net.
15:44 of 3rd period - Slapshot by Pius Suter.
15:44 of 3rd period - Goal by Pius Suter - Hartford Whalers : 1 - Nashville Predators : 6.
15:45 of 3rd period - Ryan Johansen wins face-off versus Jaden Schwartz in neutral zone.
15:52 of 3rd period - Snap shot by Ryan Johansen.
15:52 of 3rd period - Shot Blocked by Ryan McDonagh.
16:10 of 3rd period - Wrist shot by Alexander Wennberg.
16:10 of 3rd period - Stopped by Anton Forsberg with a rebound.
16:12 of 3rd period - Slapshot by Ben Chiarot.
16:12 of 3rd period - Stopped by Anton Forsberg with a rebound.
16:18 of 3rd period - Slapshot by Brett Leason.
16:18 of 3rd period - Shot Blocked by Ryan McDonagh.
16:22 of 3rd period - Wrist shot by Jack Drury.
16:22 of 3rd period - Goal by Jack Drury - Hartford Whalers : 1 - Nashville Predators : 7.
16:23 of 3rd period - Nick Suzuki wins face-off versus Colton Sissons in neutral zone.
16:30 of 3rd period - Wrist shot by Nick Suzuki.
16:30 of 3rd period - Shot Blocked by Ben Chiarot.
16:58 of 3rd period - Snap shot by Jaden Schwartz.
16:58 of 3rd period - Stopped by Semyon Varlamov without a rebound.
16:59 of 3rd period - Jack Drury wins face-off versus Morgan Frost in Nashville Predators zone.
17:17 of 3rd period - Miles Wood is hit by Ben Chiarot and loses puck.
17:42 of 3rd period - Snap shot by Leo Carlsson.
17:42 of 3rd period - Stopped by Anton Forsberg with a rebound.
17:52 of 3rd period - Joshua Norris is hit by Ryan Johansen and loses puck.
17:59 of 3rd period - Simon Benoit is hit by Ryan McDonagh and loses puck.
18:20 of 3rd period - Snap shot by Pius Suter.
18:20 of 3rd period - Stopped by Anton Forsberg with a rebound.
18:22 of 3rd period - Snap shot by Pius Suter.
18:22 of 3rd period - Shot Misses the Net.
18:29 of 3rd period - Icing by Tyler Myers.
18:30 of 3rd period - Morgan Frost wins face-off versus Colton Sissons in Hartford Whalers zone.
18:41 of 3rd period - Wrist shot by Max Pacioretty.
18:41 of 3rd period - Stopped by Anton Forsberg with a rebound.
18:43 of 3rd period - Slapshot by Brandon Montour.
18:43 of 3rd period - Shot Misses the Net.
18:45 of 3rd period - Slapshot by Brandon Montour.
18:45 of 3rd period - Stopped by Anton Forsberg without a rebound.
18:46 of 3rd period - Nick Suzuki wins face-off versus Ryan Johansen in Hartford Whalers zone.
18:59 of 3rd period - Anthony Cirelli is hit by Trevor Zegras and loses puck.
19:35 of 3rd period - Max Pacioretty is hit by Tyler Myers and loses puck.
19:46 of 3rd period - Tyler Myers is hit by Colton Sissons and loses puck.
Goals for this period are 0 for Hartford Whalers vs 4 for Nashville Predators.
Shots for this period are 7 for Hartford Whalers vs 23 for Nashville Predators.
Back to the Top